 Dungeon Crawl Stone Soup version 0.24-a0-462-ge24419a6ad (webtiles) character file.

Game seed: 7127179363397931547

467 Elric the Skirmisher (level 6, -1/52 HPs)
             Began as a Minotaur Skald on July 2, 2019.
             Slain by Blork the orc
             ... wielding a +0 long sword
              (8 damage)
             ... on level 4 of the Dungeon.
             The game lasted 00:06:11 (4071 turns).

Elric the Skirmisher (Minotaur Skald)               Turns: 4071, Time: 00:06:11

Health: -1/52      AC:  5    Str: 16    XL:     6   Next: 81%
Magic:  6/8        EV: 12    Int: 11    God:
Gold:   207        SH:  0    Dex: 10    Spells: 3/9 levels left

rFire    . . .     SeeInvis .   a - +0 falchion
rCold    . . .     Gourm    .   (no shield)
rNeg     . . .     Faith    .   b - +0 leather armour
rPois    .         Spirit   .   (helmet restricted)
rElec    .         Reflect  .   o - +1 cloak
rCorr    .         Harm     .   (no gloves)
MR       .....                  (no boots)
Stlth    +.........             (no amulet)
HPRegen  0.17/turn              (no ring)
MPRegen  0.11/turn              (no ring)

@: infused
A: retaliatory headbutt, horns 2
a: no special abilities


You were on level 4 of the Dungeon.
You were not hungry.

You visited 1 branch of the dungeon, and saw 4 of its levels.

You collected 207 gold pieces.

Inventory:

Hand Weapons
 a - a +0 falchion (weapon)
Armour
 b - a +0 leather armour (worn)
 o - a +1 cloak (worn)
Scrolls
 c - 4 scrolls of remove curse {unknown}
 g - a scroll of random uselessness {unknown}
 i - 4 scrolls of identify {unknown}
 k - a scroll of enchant weapon {unknown}
 m - a scroll of amnesia {unknown}
 n - a scroll of immolation {unknown}
Potions
 e - 3 potions of curing {unknown}
 f - a potion of mutation {unknown}
 h - a potion of heal wounds {unknown}
 j - a potion of resistance {unknown}
Comestibles
 d - 6 rations
 l - 3 chunks of flesh


   Skills:
 + Level 4.0 Fighting
 + Level 4.0 Long Blades
 + Level 3.3 Armour
 + Level 3.7 Dodging
 + Level 2.4 Spellcasting
 + Level 1.0 Hexes
 + Level 2.7 Charms


You had 3 spell levels left.
You knew the following spells:

 Your Spells              Type           Power        Failure   Level  Hunger
a - Infusion              Chrm           #...         11%         1    ##.....
b - Song of Slaying       Chrm           #.......     17%         2    ###....
c - Spectral Weapon       Hex/Chrm       #.......     41%         3    ####...

Your spell library contained the following spells:

 Spells                   Type           Power        Failure   Level  Hunger
 Shroud of Golubria       Chrm/Tloc      #.....       28%         2    ###....
 Regeneration             Chrm/Necr      #.........   50%         3    ####...


Dungeon Overview and Level Annotations

Branches:
Dungeon (4/15)
 Temple: D:4-7

Altars:

Annotations:
D:4 Blork the orc


Innate Abilities, Weirdness & Mutations

You reflexively headbutt those who attack you in melee.
You have a pair of horns on your head.


Message History

The orc wizard shouts!
You hit Blork the orc.
Blork the orc is severely wounded.
Blork the orc gestures wildly while chanting.
Blork the orc flickers and vanishes!
Deactivating autopickup; reactivate with Ctrl-A.
Casting: Infusion (safe; 11% risk of failure)
Confirm with . or Enter, or press ? or * to list all spells.
You begin infusing your attacks with magical energy.
Something hits you but does no damage.
You closely miss something. Something hits you!
* * * LOW HITPOINT WARNING * * *
You closely miss something. Something hits you.
* * * LOW HITPOINT WARNING * * *
Casting: Infusion (safe; 11% risk of failure)
Confirm with . or Enter, or press ? or * to list all spells.
You extend your infusion's duration.
Something hits you.
* * * LOW HITPOINT WARNING * * *
Something hits you!
You die...

##.##### ♣P
#..)...♣♣ ♣P
#..####P♣♣♣♣≈
####..###....≈≈≈
#.........♣♣P≈♣≈
#.##.##.#.♣♣♣♣♣.
#.##.##.##.♣ ♣≈
#.#######.#..).....#
♣P
.....o{@........##.#
♣≈
#.##.######...#.##.#
♣♣ ##.##.##># #
#)##.#..# #
#.##.#.## # #.##...
##### #. ###.......
#..#.### #. #


You could see an orc wizard.

Vanquished Creatures
  Sigmund (D:4)
  A hound (D:4)
  A centaur skeleton (D:4)
  2 orc wizards
  A worker ant (D:4)
  A gnoll (D:1)
  4 adders
  An ooze (D:1)
  5 worms
  4 dart slugs
  3 leopard geckos
  11 orcs
  A ball python (D:1)
  14 bats
  2 giant cockroaches (D:1)
  11 goblins
  7 hobgoblins
  A quokka (D:3)
  A ball python skeleton (D:4)
  3 frilled lizards (D:2)
  8 kobolds
  11 rats
94 creatures vanquished.

Notes
Turn   | Place    | Note
-------+----------+-------------------------------------------
     0 | D:1      | Elric the Minotaur Skald began the quest for the Orb.
     0 | D:1      | Reached XP level 1. HP: 18/18 MP: 1/1
    51 | D:1      | Reached XP level 2. HP: 25/25 MP: 1/3
   334 | D:1      | Reached XP level 3. HP: 24/30 MP: 4/4
   732 | D:1      | HP: 1/30 [gnoll/+0 halberd (9)]
  1119 | D:1      | Learned a level 2 spell: Song of Slaying
  1546 | D:2      | Reached XP level 4. HP: 7/38 MP: 1/5
  2341 | D:3      | Learned a level 3 spell: Spectral Weapon
  2687 | D:3      | Reached XP level 5. HP: 44/45 MP: 7/7
  3329 | D:4      | Noticed Sigmund
  3366 | D:4      | Killed Sigmund
  3366 | D:4      | Reached XP level 6. HP: 25/52 MP: 2/8
  3737 | D:4      | Reached skill level 1 in Hexes
  4047 | D:4      | Noticed Blork the orc
  4071 | D:4      | Slain by Blork the orc

Levels and vault maps discovered:
D:1:      co_arrival_random_square_maze, layout_basic, minmay_hexomino_c4
D:2:      layout_loops_ring, first_ration, chequers_serial_rivers_room_b
D:3:      layout_loops_ring
D:4:      layout_loops_ring, serial_bayou_crossing, uniq_blork_the_orc,
          uniq_sigmund

Skill      XL: |  1  2  3  4  5  6 |
---------------+-------------------+-----
Fighting       | 3 4 |  4.0
Armour         | 2 3 |  3.3
Long Blades    | 3 4 |  4.0
Dodging        | 3 |  3.7
Spellcasting   | 2 |  2.4
Hexes          | 1 |  1.0
Charms         | |  2.7

Action                   |  1- 3 |  4- 6 || total
-------------------------+-------+-------++-------
Melee: Falchion          |   104 |   130 ||   234
       Headbutt          |    11 |    22 ||    33
 Cast: Infusion          |     5 |    24 ||    29
  Use: Potion            |     1 |     1 ||     2
  Eat: Chunk             |     1 |     3 ||     4
       Ration            |       |     2 ||     2
Armor: Leather armour    |    32 |    36 ||    68
Dodge: Dodged            |    67 |    95 ||   162
       Rpst.: Falchion   |    16 |    24 ||    40

Table legend:
 A = Non-vault XP
 B = Vault XP
 C = Vault XP percentage of total XP
 D = Non-vault monster count
 E = Vault monster count
 F = Vault count percentage of total count
                 A         B        C        D         E       F
            +---------+---------+-------+---------+---------+-------
      Total |     410 |     258 |  38.6 |      87 |       7 |   7.4
            +---------+---------+-------+---------+---------+-------
        D:1 |      51 |      27 |  34.6 |      26 |       6 |  18.8
        D:2 |      69 |       0 |   0.0 |      27 |       0 |   0.0
        D:3 |     109 |       0 |   0.0 |      23 |       0 |   0.0
        D:4 |     181 |     231 |  56.1 |      11 |       1 |   8.3
            +---------+---------+-------+---------+---------+-------
